 Dungeon Crawl Stone Soup version 0.18-a0-1730-g73f0523 (webtiles) character file.

11029 inmateoo the Spear-Bearer (level 11, 0/84 HPs)
             Began as a Merfolk Ice Elementalist on Apr 10, 2016.
             Was a High Priest of Zin.
             Killed from afar by an electric eel (3 damage)
             ... with a bolt of electricity
             ... on level 11 of the Dungeon.
             The game lasted 00:31:26 (14986 turns).

inmateoo the Spear-Bearer (MfIE)                   Turns: 14986, Time: 00:31:26

Health: 0/84       AC: 18    Str: 16    XL:     11   Next: 71%
Magic:  16/16      EV: 17    Int: 16    God:    Zin [*****.]
Gold:   541        SH:  0    Dex: 14    Spells: 2 memorised, 11 levels left

rFire  . . .     SeeInvis .     H - +1 halberd
rCold  . . .     Gourm    .     L - +4 chain mail
rNeg   + . .     Faith    .     (shield currently unavailable)
rPois  .         Spirit   .     E - +0 helmet
rElec  .         Dismiss  .     G - +0 cloak
rCorr  .         Reflect  .     v - +0 pair of gloves
SustAt .         Harm     .     (boots currently unavailable)
MR     .....                    (no amulet)
Stlth  ..........               i - ring of positive energy
                                q - +3 ring of evasion

@: mighty, very quick, not resistant to hostile enchantments, extremely
unstealthy
A: change form in water, swift swim
a: Recite, Vitalisation, Imprison, Sanctuary, Donate Gold, Renounce Religion


You were on level 11 of the Dungeon.
You worshipped Zin.
Zin was extremely pleased with you.
You were hungry.

You visited 1 branch of the dungeon, and saw 12 of its levels.
You also visited: Sewer.

You collected 676 gold pieces.
You donated 135 gold pieces to Zin.

Inventory:

Hand Weapons
 e - a +2 short sword of venom
 k - a +0 spear
 w - a +1 flail of crushing
 H - a +1 halberd (weapon)
 O - a +1 trident
Missiles
 j - a throwing net (quivered)
Armour
 g - a +0 leather armour of poison resistance
 m - a +0 pair of boots (melded)
 v - a +0 pair of gloves (worn)
 E - a +0 helmet (worn)
 G - a +0 cloak (worn)
 L - a +4 chain mail (worn)
Jewellery
 h - an uncursed ring of ice
 i - a ring of positive energy (right hand)
 q - a +3 ring of evasion (left hand)
 x - an uncursed ring of sustain attributes
 y - an uncursed ring of teleportation
Wands
 n - a wand of enslavement (0/24)
 M - a wand of iceblast (7/15)
Scrolls
 l - a scroll of fog
 A - 2 scrolls of teleportation
 C - 2 scrolls of enchant armour
 F - 4 scrolls of remove curse
 K - a scroll of enchant weapon
Potions
 d - 3 potions of cancellation
 s - 3 potions of agility {unknown}
 t - 4 potions of curing {unknown}
 u - 6 potions of brilliance {unknown}
 z - 2 potions of flight {unknown}
 B - a potion of haste {unknown}
 D - a potion of cure mutation {unknown}
Books
 b - a book of Frost

   Spells                             Type                      Level
   a - Freeze                         Ice                          1
   b - Throw Frost                    Conjuration/Ice              2
   c - Ozocubu's Armour               Charms/Ice                   3
   d - Throw Icicle                   Conjuration/Ice              4
   e - Summon Ice Beast               Ice/Summoning                4
 o - a book of the Dragon

   Spells                             Type                      Level
   a - Flame Tongue                   Conjuration/Fire             1
   b - Cause Fear                     Hexes                        4
   c - Bolt of Fire                   Conjuration/Fire             6
   d - Dragon Form                    Transmutation                7
   e - Dragon's Call                  Summoning                    9
 p - a book of Annihilations

   Spells                             Type                      Level
   a - Poison Arrow                   Conjuration/Poison           6
   b - Chain Lightning                Conjuration/Air              8
   c - Lehudib's Crystal Spear        Conjuration/Earth            8
   d - Glaciate                       Conjuration/Ice              9
   e - Fire Storm                     Conjuration/Fire             9
 J - a book of Maledictions

   Spells                             Type                      Level
   a - Corona                         Hexes                        1
   b - Ensorcelled Hibernation        Hexes/Ice                    2
   c - Confuse                        Hexes                        3
   d - Tukima's Dance                 Hexes                        3
   e - Dazzling Spray                 Conjuration/Hexes            3
 Q - an Akashic Record

   Spells                             Type                      Level
   a - Dispersal                      Translocation                6
   b - Malign Gateway                 Summoning/Translocation      7
   c - Disjunction                    Translocation                8
   d - Controlled Blink               Translocation                8
Comestibles
 a - a fruit
 c - 5 bread rations
 f - 4 meat rations
 I - a royal jelly


   Skills:
 + Level 7.4 Fighting
 * Level 13.3 Polearms
 * Level 7.5 Armour
 + Level 9.4 Dodging
 - Level 2.1 Stealth
 - Level 2.7 Spellcasting
   Level 0.7 Conjurations
 - Level 3.8 Ice Magic
 + Level 6.7 Invocations


You had 11 spell levels left.
You knew the following spells:

 Your Spells              Type           Power        Failure   Level  Hunger
a - Freeze                Ice            ##..         52%         1    #......
c - Ozocubu's Armour      Chrm/Ice       #.......     100%        3    ###....


Dungeon Overview and Level Annotations

Branches:
Dungeon (12/15)            Temple (0/1) D:5            Lair (0/8) D:9
    Orc: D:9-12

Altars:
Pakellas
Qazlal
Sif Muna
Zin

Annotations:
D:8 Erolcha
D:11 Gastronok, Rupert


Message History

Unknown command.
Unknown command.
You closely miss the electric eel.
The electric eel shoots out a bolt of lightning at you!
The bolt of electricity hits you!
* * * LOW HITPOINT WARNING * * *
Unknown command.
Unknown command.
You closely miss the electric eel.
Your tail-slap misses the electric eel.
The electric eel shoots out a bolt of lightning at you!
The bolt of electricity hits you!
* * * LOW HITPOINT WARNING * * *
The electric eel shoots out a bolt of lightning at you!
The bolt of electricity hits you!
* * * LOW HITPOINT WARNING * * *
Unknown command.
You closely miss the electric eel.
The electric eel shoots out a bolt of lightning at you!
The bolt of electricity hits you!
You die...

......#.###########
##≈≈≈≈≈≈≈≈≈≈≈≈≈≈≈≈###
..##≈≈≈≈≈≈≈≈≈≈≈≈≈≈≈≈####
#.##≈≈≈≈;≈≈≈≈≈≈≈≈≈≈≈≈≈≈##
#
#≈≈≈≈≈≈≈≈≈≈≈≈≈≈≈≈≈≈≈≈≈###
≈≈≈≈≈≈≈≈≈≈≈≈≈≈≈≈≈≈≈≈≈≈≈#
≈≈
≈≈≈≈≈≈≈≈≈≈≈≈≈≈≈≈#≈≈≈≈≈≈#
≈≈
≈≈≈≈≈≈≈≈≈≈≈;≈≈≈≈≈≈≈≈≈≈#
## ≈≈≈≈≈≈†@≈≈≈≈≈≈≈### .
≈≈≈≈≈≈;≈≈≈≈≈≈### .
≈≈≈≈≈≈≈≈≈≈≈≈≈# ≈
≈≈≈≈≈≈≈≈≈≈≈≈## ≈
≈≈≈≈≈≈≈≈≈≈### ≈
###########


You could see 2 electric eels.

Vanquished Creatures
  A hill giant (D:10)
  A manticore (D:11)
  5 centaur zombies (D:11)
  A gargoyle (D:10)
  A polar bear (D:11)
  Prince Ribbit (D:5)
  A two-headed ogre (D:8)
  A shadow (D:11)
  8 yaks
  2 water elementals (D:11)
  Sigmund (D:5)
  3 centaur simulacra (D:11)
  4 hippogriffs
  A hungry ghost (D:7)
  Menkaure (D:6)
  Edmund (D:4)
  Duvessa (D:5)
  2 slaves (D:8)
  4 orc warriors
  5 ice beasts (D:11)
  3 ogres
  A phantom (D:11)
  A wolf (D:11)
  6 centaurs
  6 big kobolds
  Blork the orc (D:6)
  2 giant frogs
  Dowan (D:5)
  2 wyvern skeletons
  5 killer bees (D:11)
  7 wights (D:10)
  3 electric eels (D:11)
  4 crimson imps
  A quasit (D:7)
  A giant frog zombie (D:9)
  3 jellies
  4 hounds
  17 orc wizards
  10 orc priests
  2 centaur skeletons
  2 giant frog skeletons
  An iguana (D:7)
  Terence (D:2)
  9 worker ants
  A killer bee zombie (D:7)
  A hound zombie (D:8)
  A hound skeleton (D:5)
  5 gnolls
  A howler monkey zombie (D:5)
  20 adders
  2 shadow imps
  2 white imps (D:11)
  An ufetubus (D:11)
  3 oozes
  An adder skeleton (D:5)
  A worm (D:5)
  4 dart slugs
  3 giant geckos
  52 orcs
  5 giant cockroaches
  5 goblins
  14 hobgoblins
  16 jackals
  2 quokkas
  7 ball pythons
  7 bats
  5 giant newts
  17 kobolds
  11 rats
325 creatures vanquished.

Vanquished Creatures (others)
  An orc (D:8)
1 creature vanquished.

Grand Total: 326 creatures vanquished

Notes
Turn   | Place    | Note
--------------------------------------------------------------
     0 | D:1      | inmateoo the Merfolk Ice Elementalist began the quest for the Orb.
     0 | D:1      | Reached XP level 1. HP: 13/13 MP: 3/3
   204 | D:1      | Reached XP level 2. HP: 20/20 MP: 1/5
   400 | D:1      | Reached XP level 3. HP: 7/25 MP: 2/6
   442 | D:1      | Learned a level 2 spell: Throw Frost
   446 | D:1      | Learned a level 3 spell: Ozocubu's Armour
   908 | D:1      | Reached skill level 1 in Polearms
  1143 | D:2      | Reached skill level 1 in Fighting
  1184 | D:2      | Found an oddly glowing altar of Pakellas.
  1316 | D:2      | Reached XP level 4. HP: 25/32 MP: 7/7
  1527 | D:2      | Found a faded altar to an unknown god.
  1543 | D:2      | Became a worshipper of Zin the Law-Giver
  1543 | D:2      | Reached * piety under Zin
  1543 | D:2      | Reached ** piety under Zin
  1681 | D:2      | Noticed Terence
  1692 | D:2      | Killed Terence
  1692 | D:2      | Reached skill level 2 in Polearms
  1916 | D:2      | Reached XP level 5. HP: 9/38 MP: 9/9
  2261 | D:3      | Reached skill level 1 in Armour
  2491 | D:3      | Reached skill level 3 in Polearms
  2853 | D:3      | Reached XP level 6. HP: 45/45 MP: 10/10
  2901 | D:3      | Donated 68 gold pieces to Zin
  3225 | D:4      | Noticed Edmund
  3260 | D:3      | Reached skill level 4 in Polearms
  3932 | D:4      | Killed Edmund
  3932 | D:4      | Reached skill level 5 in Polearms
  3932 | D:4      | Reached XP level 7. HP: 31/51 MP: 11/11
  3971 | D:4      | Reached skill level 5 in Dodging
  4276 | D:4      | Reached skill level 1 in Invocations
  4529 | D:5      | Entered Level 5 of the Dungeon
  4533 | D:5      | Reached *** piety under Zin
  4536 | D:5      | Found a staircase to the Ecumenical Temple.
  4544 | D:5      | Noticed Prince Ribbit
  4892 | D:5      | Reached skill level 6 in Polearms
  4949 | D:5      | Noticed Duvessa
  4950 | D:5      | Noticed Dowan
  4966 | D:5      | Killed Duvessa
  4966 | D:5      | Reached XP level 8. HP: 41/58 MP: 12/12
  4978 | D:5      | Killed Dowan
  5010 | D:5      | Found a glowing drain.
  5015 | Sewer    | Entered a sewer
  5088 | Sewer    | Reached skill level 7 in Polearms
  5586 | D:5      | Noticed Sigmund
  5597 | D:5      | Killed Sigmund
  5597 | D:5      | Reached skill level 8 in Polearms
  5599 | D:5      | Reached **** piety under Zin
  5774 | D:5      | Killed Prince Ribbit
  5774 | D:5      | Reached XP level 9. HP: 30/66 MP: 13/13
  6624 | D:6      | Reached skill level 9 in Polearms
  6693 | D:6      | Noticed Menkaure
  6705 | D:6      | Killed Menkaure
  6802 | D:6      | Reached ***** piety under Zin
  6832 | D:6      | Noticed Blork the orc
  6849 | D:6      | Killed Blork the orc
  7704 | D:7      | Reached skill level 5 in Fighting
  7704 | D:7      | Reached skill level 5 in Armour
  8305 | D:7      | Reached skill level 10 in Polearms
  8885 | D:7      | Reached XP level 10. HP: 20/74 MP: 14/14
  9241 | D:8      | Found a stormy altar of Qazlal.
  9253 | D:8      | Found a deep blue altar of Sif Muna.
  9994 | D:8      | Noticed Erolcha
 10206 | D:9      | HP: 2/76 [orc warrior/hand axe (11)]
 10426 | D:9      | Reached skill level 11 in Polearms
 10646 | D:9      | Found a staircase to the Lair.
 10896 | D:10     | Entered Level 10 of the Dungeon
 10903 | D:10     | Noticed a gargoyle
 10920 | D:10     | Killed a gargoyle
 10920 | D:10     | Reached skill level 5 in Invocations
 11222 | D:10     | Noticed a hill giant
 12253 | D:10     | Killed a hill giant
 12253 | D:10     | Reached skill level 12 in Polearms
 12636 | D:11     | Reached XP level 11. HP: 66/83 MP: 15/15
 12775 | D:11     | Noticed a manticore
 12807 | D:11     | Killed a manticore
 12826 | D:11     | Noticed Gastronok
 13671 | D:11     | Reached skill level 13 in Polearms
 14108 | D:11     | Noticed an eight-headed hydra
 14930 | D:12     | Noticed Rupert
 14938 | D:12     | Paralysed by Rupert for 7 turns
 14985 | D:11     | HP: 3/84 [electric eel/bolt of electricity (10)]
 14986 | D:11     | Killed from afar by an electric eel

Vault maps used:
D:1:      minmay_arrival_stair_chambers
D:2:      ecumenical_altar_2, first_bread, grunt_pakellas_mercury, uniq_terence
D:3:      serial_forest, infiniplex_forest_straight_3,
          infiniplex_forest_lined_corner, infiniplex_forest_end_double,
          infiniplex_forest_lined_4_way, infiniplex_forest_corner_1
D:4:      hex_intersection, uniq_edmund
D:5:      minmay_temple_entry_crystal_x, portal_sewer_entry_e, uniq_sigmund,
          uniq_prince_ribbit1, uniq_duvessa
D:6:      nrook_mini_vaults, uniq_menkaure, uniq_blork_the_orc
D:8:      amethyst_overflow_temple_binary, uniq_pikel, uniq_erolcha
D:9:      dpeg_oklobed_lair
D:11:     serial_ice, serial_ice_d, serial_ice_a, serial_ice_e, serial_ice_i,
          serial_ice_g, serial_ice_m, serial_ice_h, grunt_livestock,
          uniq_gastronok
D:12:     minmay_two_paths, orc_0_dummy, enter_bailey_2, serial_shops,
          shop_statue, uniq_rupert, uniq_psyche, uniq_harold
Sewer:    kennysheep_pipe_town

Skill      XL: |  1  2  3  4  5  6  7  8  9 10 11 |
---------------+----------------------------------+-----
Dodging        | 3 4 5 6 7 8 9 |  9.4
Polearms       | 1 2 3 5 6 8 10 12 13 | 13.3
Fighting       | 1 2 3 4 5 6 7 |  7.4
Armour         | 1 2 3 4 5 6 7 |  7.5
Invocations    | 1 3 4 5 6 |  6.7
Stealth        | |  2.1
Spellcasting   | |  2.7
Conjurations   | |  0.7
Ice Magic      | |  3.8

Action                   |  1- 3 |  4- 6 |  7- 9 | 10-12 || total
-------------------------+-------+-------+-------+-------++-------
Melee: Unarmed           |     2 |       |       |       ||     2
       Short sword       |    82 |   123 |   518 |    76 ||   799
       Flail             |       |   135 |    50 |    45 ||   230
       Spear             |       |    17 |       |       ||    17
       Whip              |       |     7 |       |       ||     7
       Halberd           |       |       |     9 |   617 ||   626
       Trident           |       |       |       |    14 ||    14
 Cast: Freeze            |    15 |     4 |       |       ||    19
Invok: Donate Gold       |       |     1 |       |       ||     1
       Recite            |       |       |     6 |     4 ||    10
       Vitalisation      |       |       |       |     6 ||     6
Evoke: Wand              |       |       |       |     4 ||     4
  Use: Scroll            |       |     7 |    10 |     4 ||    21
       Potion            |       |       |     5 |    11 ||    16
 Stab: Invisible         |       |       |     1 |     2 ||     3
       Distracted        |       |       |       |     1 ||     1
  Eat: Chunk             |     2 |     8 |    12 |    13 ||    35
       Beef jerky        |       |       |     4 |     1 ||     5
       Fruit             |       |       |     2 |     2 ||     4
       Meat ration       |       |       |     1 |       ||     1
       Bread ration      |       |       |       |     1 ||     1
